 Dungeon Crawl Stone Soup version 0.26-a0-639-g72c4674 (webtiles) character file.

Game seed: 10394492066481764483

172 ringo67 the Sneak (level 5, -4/28 HPs)
             Began as a Vine Stalker Brigand on Sept 21, 2020.
             Was a Follower of Uskayaw.
             Killed from afar by an orc wizard (12 damage)
             ... with a puff of flame
             ... on level 4 of the Dungeon.
             The game lasted 00:07:01 (2781 turns).

ringo67 the Sneak (Vine Stalker Brigand)            Turns: 2781, Time: 00:07:01

Health: -4/28      AC:  8    Str: 14    XL:     5   Next: 52%
Magic:  0/6        EV: 11    Int: 11    God:    Uskayaw [*.....]
Gold:   94         SH:  0    Dex: 16    Spells: 4/4 levels left

rFire    . . .     SeeInvis .   a - +3 dagger
rCold    . . .     Faith    .   (no shield)
rNeg     . . .     Spirit   +   v - +0 leather armour
rPois    .         Reflect  .   (no helmet)
rElec    .         Harm     .   c - +0 cloak
rCorr    .         Rampage  .   (no gloves)
MR       .....                  (no boots)
Stlth    +++.......             (no amulet)
HPRegen  0.49/turn              j - +4 ring of protection
MPRegen  0.10/turn              (no ring)

@: no status effects
A: fangs 2, regeneration 1, magic shield, antimagic bite, no potion heal 3, rot
immunity
a: Stomp, Renounce Religion


You were on level 4 of the Dungeon.
You worshipped Uskayaw.
Uskayaw was noncommittal.
You visited 2 branches of the dungeon, and saw 7 of its levels.

You collected 94 gold pieces.

Inventory:

Hand Weapons
 a - a +3 dagger (weapon)
Missiles
 d - 18 poisoned darts (quivered)
 e - 2 curare-tipped darts
Armour
 b - a +0 robe
 c - a +0 cloak (worn)
 k - a +0 ring mail
 s - a scarf of shadows
 v - a +0 leather armour (worn)
Jewellery
 j - a +4 ring of protection (left hand)
Wands
 w - a wand of flame (21)
Scrolls
 f - a scroll of amnesia
 h - 6 scrolls of teleportation
 i - a scroll of random uselessness
 l - a scroll of enchant weapon
 m - 2 scrolls of remove curse
 o - a scroll of enchant armour {unknown}
 p - a scroll of immolation
 q - a scroll of identify
 u - a scroll of fog {unknown}
Potions
 g - a potion of invisibility {unknown}
 n - a potion of heal wounds {unknown}
 r - a potion of flight {unknown}
 t - 2 potions of might
 x - a potion of curing {unknown}


   Skills:
 + Level 2.9 Fighting
 + Level 3.0 Short Blades
 - Level 1.7 Throwing
 + Level 1.6 Armour
 - Level 0.7 Dodging
 + Level 6.0 Stealth


You had 4 spell levels left.
You didn't know any spells.
Your spell library was empty.

Dungeon Overview and Level Annotations

Branches:
Dungeon (6/15)             Temple (1/1) D:4

Altars:
Sif Muna
Uskayaw
Xom

Annotations:
D:6 3 runed translucent doors, asss's ghost, weakling KoDe


Innate Abilities, Weirdness & Mutations

You have extremely sharp teeth.
Your natural rate of healing is unusually fast.
When hurt, damage is shared between your health and your magic reserves.
Your bite disrupts and absorbs the magic of your enemies.
Potions cannot restore your health.
You are immune to rotting.


Message History

The orc wizard is heavily wounded.
The orc priest invokes the aid of Beogh against you.
Beogh smites you!
The orc wizard gestures wildly while chanting.
The orc wizard seems to speed up.
The orc wizard points at you and mumbles some strange words.
The puff of frost misses you. The orc wizard casts a spell at you.
The puff of frost hits you.
* * * LOW HITPOINT WARNING * * *
The orc wizard hits you but does no damage.
The orc wizard casts a cantrip, but nothing happens.
The orc wizard casts a spell at you. The magic dart hits you!
* * * LOW HITPOINT WARNING * * *
The orc wizard gestures at you while chanting.
The puff of frost misses you.
The orc wizard gestures at you while chanting.
The puff of flame hits you!
You die...

#..#≈≈≈≈≈≈≈≈≈#.#
#..###.....###.#
#..........o.o.#
#..#####o#######
##.# #.# #.#
##o# #.# #..#
#.####o##
#.>.@..#
#####.## #.# #.#
#.# #.. ###


You could see an orc wizard (fast).

Vanquished Creatures
  An orc priest (D:3)
  An iguana (D:2)
  5 adders
  3 dart slugs (D:1)
  3 leopard geckos
  An orc (D:3)
  8 bats
  3 giant cockroaches
  8 goblins
  11 hobgoblins
  8 kobolds
  A ball python (D:2)
  5 frilled lizards
  6 rats
  2 toadstools (D:1)
66 creatures vanquished.

Vanquished Creatures (others)
  2 toadstools (D:1)
2 creatures vanquished.

Grand Total: 68 creatures vanquished

Notes
Turn   | Place    | Note
-------+----------+-------------------------------------------
     0 | D:1      | ringo67 the Vine Stalker Brigand began the quest for the
                  | Orb.
     0 | D:1      | Reached XP level 1. HP: 11/11 MP: 2/2
   389 | D:1      | Reached skill level 5 in Stealth
   409 | D:1      | Reached XP level 2. HP: 15/15 MP: 3/3
   873 | D:1      | Reached XP level 3. HP: 17/18 MP: 4/4
  1818 | D:2      | Gained mutation: Your natural rate of healing is unusually
                  | fast. [Vine Stalker growth]
  1818 | D:2      | Reached XP level 4. HP: 23/23 MP: 5/5
  1909 | D:2      | Reached skill level 1 in Armour
  2376 | D:3      | Reached XP level 5. HP: 27/27 MP: 6/6
  2503 | D:3      | Reached skill level 6 in Stealth
  2531 | D:3      | You fall into a shaft and drop 1 floor!
  2535 | D:4      | You fall into a shaft and drop 2 floors!
  2535 | D:6      | Found a runed translucent gate.
  2535 | D:6      | Found a runed translucent gate.
  2535 | D:6      | Found a runed translucent gate.
  2536 | D:6      | Noticed a phantom
  2536 | D:6      | Noticed asss's ghost (weakling KoDe)
  2571 | D:5      | Entered Level 5 of the Dungeon
  2630 | D:5      | Noticed an ice beast
  2700 | D:4      | Found a staircase to the Ecumenical Temple.
  2708 | Temple   | Entered the Ecumenical Temple
  2715 | Temple   | Became a worshipper of Uskayaw the Reveler
  2757 | D:4      | Reached * piety under Uskayaw
  2781 | D:4      | Killed from afar by an orc wizard

Illustrated notes

Levels and vault maps discovered:
D:1:      ldierk_water_garden, layout_loops_ring
D:2:      layout_loops_corners
D:3:      cheibrodos_pilgrimage, layout_rooms
D:4:      layout_loops_ring, minmay_temple_entry_water_ring
D:5:      cheibrodos_thug_alley, layout_loops_ring
D:6:      layout_rooms, gammafunk_ghost_necromancy, serial_shops,
          nicolae_shop_crystal, nzn_random_ring
Temple:   minmay_crystal_snake_temple

Skill      XL: |  1  2  3  4  5 |
---------------+----------------+-----
Short Blades   | 2 3 |  3.0
Stealth        | 5 6 |  6.0
Fighting       | 2 |  2.9
Armour         | 1 |  1.6
Throwing       | |  1.7
Dodging        | |  0.7

Action                   |  1- 3 |  4- 6 || total
-------------------------+-------+-------++-------
Melee: Dagger            |   112 |    54 ||   166
       Bite              |    26 |    16 ||    42
Throw: Dart              |    23 |    18 ||    41
  Use: Scroll            |       |     8 ||     8
 Stab: Sleeping          |    13 |     4 ||    17
Armor: Robe              |    40 |    15 ||    55
       Leather armour    |       |    11 ||    11
Dodge: Dodged            |    53 |    32 ||    85

Table legend: (Time is in decaauts)
 A = Elapsed time spent in this place.
 B = Non-inter-level travel time spent in this place.
 C = Inter-level travel time spent in this place.
 D = Time resting spent in this place.
 E = Time spent auto-exploring this place.
 F = Levels seen in this place.
 G = Mean time per level.
                   A        B        C        D        E       F      G
               +--------+--------+--------+--------+--------+-----+--------+
         Total |   2756 |   2720 |     36 |    810 |   1129 |   7 |  393.7 |
       Dungeon |   2740 |   2704 |     36 |    810 |   1129 |   6 |  456.7 |
        Temple |     16 |     16 |      0 |      0 |      0 |   1 |   16.0 |
               +--------+--------+--------+--------+--------+-----+--------+

Top non-repeatable levels by time:
     D:2: 1166 daAuts
     D:1: 1126 daAuts
     D:3: 214 daAuts
     D:5: 119 daAuts
     D:4: 77 daAuts
     D:6: 35 daAuts
  Temple: 16 daAuts
